 Dungeon Crawl Stone Soup version 0.19-a0-1834-g6b7851e (webtiles) character file.

513 KarmaPolice the Slasher (level 7, -4/55 HPs)
             Began as a Vampire Gladiator on Oct 8, 2016.
             Was an Initiate of Qazlal.
             Slain by a hornet (8 damage)
             ... on level 5 of the Dungeon.
             The game lasted 00:09:52 (5713 turns).

KarmaPolice the Slasher (Vampire Gladiator)         Turns: 5713, Time: 00:09:53

Health: -4/55      AC:  4    Str: 15    XL:     7   Next: 0%
Magic:  8/8        EV: 12    Int: 15    God:    Qazlal [......]
Gold:   250        SH:  5    Dex: 16    Spells: 0 memorised, 6 levels left

rFire  . . .     SeeInvis +     a - +0 long sword
rCold  + . .     Gourm    .     b - +0 leather armour
rNeg   + + .     Faith    .     k - +2 buckler
rPois  +         Spirit   .     c - +0 helmet
rElec  .         Dismiss  .     (no cloak)
rCorr  .         Reflect  .     (no gloves)
MR     .....     Harm     .     (no boots)
Stlth  ++........               (no amulet)
                                (no ring)
                                r - +1 ring of slaying

@: brilliant, lethally poisoned (-4 -> -12), regenerating slowly, slowed, very
slow
A: fangs 3, see invisible, unbreathing
a: Bat Form, Renounce Religion


You were on level 5 of the Dungeon.
You worshipped Qazlal.
Qazlal was noncommittal.
You were very thirsty.

You visited 1 branch of the dungeon, and saw 5 of its levels.

You collected 250 gold pieces.

Inventory:

Hand Weapons
 a - a +0 long sword (weapon)
Missiles
 d - 3 throwing nets (quivered)
Armour
 b - a +0 leather armour (worn)
 c - a +0 helmet (worn)
 k - a +2 buckler (worn)
Jewellery
 r - a +1 ring of slaying (left hand)
Wands
 w - a wand of lightning (7/15)
 x - a wand of random effects (24/48)
Scrolls
 g - a scroll of identify
 h - 3 scrolls of recharging
 i - a scroll of enchant armour {unknown}
 j - 2 scrolls of teleportation {unknown}
 l - 2 scrolls of magic mapping {unknown}
 q - 2 scrolls of fog {unknown}
 t - a scroll of remove curse {unknown}
 v - a scroll of fear {unknown}
Potions
 e - 8 potions of blood
 f - 2 potions of brilliance
 m - 3 potions of lignification {unknown}
 n - 2 potions of heal wounds {unknown}
 o - 5 potions of curing {unknown}
 p - a potion of agility {unknown}
 s - a potion of cancellation {unknown}
 u - a potion of flight {unknown}


   Skills:
 + Level 4.8 Fighting
 + Level 5.7 Long Blades
 - Level 1.5 Throwing
 - Level 3.2 Dodging
 + Level 1.7 Invocations


You had 6 spell levels left.
You didn't know any spells.

Dungeon Overview and Level Annotations

Branches:
Dungeon (5/15)
 Temple: D:4-7

Altars:
Fedhas
Qazlal
Vehumet
Yredelemnul

Annotations:
D:3 Terence


Innate Abilities, Weirdness & Mutations

You heal slowly.
You have razor-sharp teeth.
You have supernaturally acute eyesight. (SInv)
You can survive without breathing.


Message History

The hornet stings you!
You feel yourself slow down. The hornet completely misses you.
You riposte.
You hit the hornet but do no damage.
The hornet is lightly wounded.
You hit the hornet.
The hornet is lightly wounded.
The hornet stings you.
You suddenly lose the ability to move!
The hornet stings you. The hornet stings you!
You shrug off the repeated paralysis!
You are feeling very thirsty.
The hornet stings you!
* * * LOW HITPOINT WARNING * * *
You are poisoned.
You can move again.
It was a potion of brilliance.
You feel clever all of a sudden.
You feel yourself speed up.
You feel sick. The hornet stings you!
* * * LOW HITPOINT WARNING * * *
You feel yourself slow down. The hornet stings you!
You die...

....# #.#.# #...#
..#.# #. #.#.# #.
#!#.# #. #.#.##
.####.####..@y##.
..................#
.>..................
.............#######
##.###.####..# #
#....##.#
###.####.#.##.##
................
###########.########


You could see a hornet.

Vanquished Creatures
  A phantom (D:3)
  A howler monkey (D:4)
  A gnoll shaman (D:4)
  An orc priest (D:3)
  2 hounds (D:4)
  2 worker ants (D:4)
  A hound skeleton (D:4)
  8 gnolls
  4 adders
  An adder skeleton (D:4)
  4 worms (D:2)
  3 dart slugs
  A leopard gecko (D:3)
  6 orcs (D:3)
  2 ball pythons
  8 bats
  2 giant cockroaches (D:2)
  8 goblins
  6 hobgoblins
  2 jackals (D:3)
  11 kobolds
  3 quokkas
  4 frilled lizards
  5 rats
87 creatures vanquished.

Notes
Turn   | Place    | Note
-------+----------+-------------------------------------------
     0 | D:1      | KarmaPolice the Vampire Gladiator began the quest for the Orb.
     0 | D:1      | Reached XP level 1. HP: 16/16 MP: 1/1
   234 | D:1      | Reached XP level 2. HP: 22/22 MP: 2/2
  1848 | D:2      | Reached XP level 3. HP: 23/28 MP: 3/3
  2323 | D:2      | Reached skill level 4 in Long Blades
  2616 | D:2      | Reached XP level 4. HP: 19/34 MP: 4/4
  3469 | D:3      | Found a blossoming altar of Fedhas.
  3707 | D:3      | Reached XP level 5. HP: 17/41 MP: 5/5
  4328 | D:3      | Noticed Terence
  4329 | D:3      | Found a basalt altar of Yredelemnul.
  4424 | D:4      | Noticed a phantom
  4443 | D:4      | Noticed a hornet
  4464 | D:3      | Killed a phantom
  4464 | D:3      | Reached skill level 5 in Long Blades
  4464 | D:3      | Reached XP level 6. HP: 40/49 MP: 6/6
  4666 | D:4      | Found a stormy altar of Qazlal.
  4674 | D:4      | Became a worshipper of Qazlal Stormbringer
  4839 | D:4      | Reached skill level 1 in Invocations
  5517 | D:4      | Found a radiant altar of Vehumet.
  5552 | D:4      | Reached XP level 7. HP: 54/55 MP: 8/8
  5659 | D:5      | Entered Level 5 of the Dungeon
  5711 | D:5      | Paralysed by a hornet for 2 turns
  5713 | D:5      | Slain by a hornet

Vault maps used:
D:1:      dpeg_arrival_long_road
D:2:      first_bread
D:3:      fedhas_altar_3, lemuel_statue_altar, uniq_terence
D:4:      grunt_qazlal_sundering, kennysheep_mini, serial_bayou_pond_e
D:5:      kennysheep_little_box, okawaru_metal_pillars_3, roderic_lattice_a

Skill      XL: |  1  2  3  4  5  6 |
---------------+-------------------+-----
Fighting       | 2 3 4 |  4.8
Long Blades    | 4 5 |  5.7
Invocations    | 1 |  1.7
Throwing       | |  1.5
Dodging        | |  3.2

Action                   |  1- 3 |  4- 6 |  7- 9 || total
-------------------------+-------+-------+-------++-------
Melee: Long sword        |    93 |   175 |     4 ||   272
       Bite              |    12 |    28 |       ||    40
       Unarmed           |     8 |       |       ||     8
 Abil: End Transformatio |     1 |       |     1 ||     2
       Bat Form          |     1 |       |     1 ||     2
  Use: Potion            |       |     3 |     1 ||     4
       Scroll            |       |     2 |       ||     2
 Stab: Sleeping          |     5 |     3 |       ||     8
       Distracted        |       |     1 |       ||     1
  Eat: Corpse            |     2 |     4 |       ||     6
Armor: Leather armour    |    29 |    26 |       ||    55
Dodge: Dodged            |    86 |   141 |     3 ||   230
Block: Buckler           |       |    22 |     1 ||    23
       Rpst.: Long sword |    23 |    41 |     2 ||    66
